 Dungeon Crawl Stone Soup version 0.30.1-3-gfc49f6343a (webtiles) character file.

Game seed: 4980569450519059326

3220 shmup the Arsonist (level 9, -1/42 (45) HPs)
             Began as a Tengu Fire Elementalist on July 20, 2023.
             Was a Believer of Vehumet.
             Slain by a wight
             ... wielding a +0 spear
              (3 damage)
             ... on level 9 of the Dungeon.
             The game lasted 00:21:18 (9050 turns).

shmup the Arsonist (Tengu Fire Elementalist)        Turns: 9050, Time: 00:21:18

HP:   -1/42 (45)    AC:  2    Str:  9    XL:     9   Next: 97%
MP:   14/22         EV: 14    Int: 20    God:    Vehumet [**....]
Gold: 623           SH:  0    Dex: 14    Spells: 4/12 levels left

rFire   . . .        B - +2 trident (freeze)
rCold   . . .        (no shield)
rNeg    . . .        a - +0 robe
rPois   .            (helmet restricted)
rElec   .            (no cloak)
rCorr   .            (no gloves)
SInv    +            (boots unavailable)
Will    .....        (no amulet)
Stlth   +            g - ring of see invisible
HPRegen 0.27/turn    s - ring of magical power
MPRegen 0.18/turn

%: no passive effects
@: confused, flying quickly and evasively, drained, quick
A: beak, talons 3, nimble flight
a: Renounce Religion


You were on level 9 of the Dungeon.
You worshipped Vehumet.
Vehumet was pleased with you.
You visited 2 branches of the dungeon, and saw 10 of its levels.

You collected 623 gold pieces.

Inventory:

Hand Weapons
 t - a +0 hand axe of venom
 B - a +2 trident of freezing (weapon)
Missiles
 m - 2 stones (quivered)
 v - 5 boomerangs
Armour
 a - a +0 robe (worn)
Magical Staves
 y - a staff of cold
Jewellery
 g - a ring of see invisible (left hand)
 s - a ring of magical power (right hand)
Wands
 p - a wand of charming (11)
 A - a wand of iceblast (13)
Scrolls
 c - 6 scrolls of immolation {unknown}
 e - 2 scrolls of vulnerability {unknown}
 i - a scroll of magic mapping
 j - a scroll of poison
 l - a scroll of fear {unknown}
 n - a scroll of fog {unknown}
 r - a scroll of blinking {unknown}
 u - 2 scrolls of enchant weapon {unknown}
 w - a scroll of teleportation {unknown}
 x - a scroll of summoning {unknown}
 C - a scroll of brand weapon {unknown}
 E - a scroll of silence {unknown}
 F - a scroll of identify
Potions
 b - a potion of magic
 d - a potion of resistance {unknown}
 f - a potion of heal wounds {unknown}
 h - 5 potions of curing
 k - 3 potions of flight
 o - 3 potions of mutation
 q - a potion of haste {unknown}
 z - 2 potions of brilliance {unknown}
 D - a potion of lignification {unknown}


   Skills:
 - Level 2.1 Dodging
 - Level 2.0 Stealth
 - Level 2.0 Spellcasting
 + Level 10.1 Conjurations
 + Level 1.8 Hexes
 * Level 12.3 Fire Magic


You had 4 spell levels left.
You knew the following spells:

 Your Spells              Type           Power      Damage    Failure   Level
a - Foxfire               Conj/Fire      100%       2x1d9     1%          1
b - Scorch                Fire           100%       2d9       1%          2
c - Inner Flame           Hex/Fire       30%        N/A       2%          3
r - Searing Ray           Conj           84%        2d7       1%          2

Your spell library contained the following spells:

 Spells                   Type           Power      Damage    Failure   Level
 Momentum Strike          Conj/Tloc      44%        3d9       3%          2
 Magic Dart               Conj           100%       1d8       1%          1
 Flame Wave               Conj/Fire      47%        2d12      1%          4
 Volatile Blastmotes      Fire/Tloc      52%        2d14      3%          3
 Stone Arrow              Conj/Erth      44%        3d9       6%          3
 Mephitic Cloud           Conj/Pois/Air  15%        N/A       12%         3
 Fulminant Prism          Conj/Hex       12%        3d8       14%         4
 Sandblast                Erth           4%         2d4       16%         1
 Call Imp                 Summ           4%         N/A       24%         2
 Passwall                 Tmut/Erth      1%         N/A       24%         2
 Sublimation of Blood     Necr           2%         N/A       24%         2
 Wereblood                Tmut           2%         N/A       24%         2
 Summon Hydra             Summ           1%         N/A       100%        7


Dungeon Overview and Level Annotations

Branches:
Dungeon (9/15)             Temple (1/1) D:5
   Lair: D:8-11         Orc: D:9-12

Altars:
Ashenzari
Cheibriados
Dithmenos
Elyvilon
Fedhas
Gozag
Hepliaklqana
Kikubaaqudgha
Makhleb
Nemelex Xobeh
Qazlal
Ru
Sif Muna
Trog
Uskayaw
Vehumet
Wu Jian
Xom
Yredelemnul
The Shining One


Innate Abilities, Weirdness & Mutations

You have a beak for a mouth.
You have claws for feet.
Your magical nature lets you fly swiftly and evasively.


Message History

The howler monkey hoots and howls with incredible vigour!
You hear a shout! x2
Casting: Scorch (safe; 1% risk of failure)
Confirm with . or Enter, or press ? or * to list all spells.
Flames lash the orc.
You kill the orc!
Vehumet accepts your kill.
You feel your power returning.
The howler monkey hoots and howls with incredible vigour!
You hear a shout!
An orc comes into view. It is wielding a +0 hand axe.
An orc wizard and an orc priest come into view.
The orc priest shouts!
The howler monkey is no longer more vulnerable to fire.
A wight comes into view. It is wielding a +0 falchion.
The orc priest moves out of view.
A wight comes into view. It is wielding a +0 spear.
The howler monkey hoots and howls with incredible vigour!
You hear a shout! 2 wights and an orc come into view.
A wight is wielding a +3 dire flail of freezing.
A wight is wielding a +3 war axe of freezing.
The orc wizard casts a spell at you.
You are confused.
The wight closely misses you.
You bump into the rock wall.
The wight hits you from afar with a +0 spear!
You feel drained. The orc hits you with a +0 hand axe.
A wight comes into view. It is wielding a +0 mace.
The howler monkey hoots and howls with incredible vigour!
The orc priest invokes the aid of Beogh against you.
Beogh smites you!
* * * LOW HITPOINT WARNING * * *
The orc wizard points at you and mumbles some strange words.
The puff of flame misses you. The wight completely misses you.
Found a falchion.
The orc barely misses you. The wight hits you with a +0 spear!
* * * LOW HITPOINT WARNING * * *
The wight hits you with a +0 spear!
* * * LOW HITPOINT WARNING * * *
You feel drained.
You die...

▒[▒▒▒.▒▒.▒▒▒▒D▒
▒.▒ ▒#▒▒.▒ ▒.▒ ▒.▒
▒#▒▒.▒▒▒▒.▒▒.▒
▒.....▒▒.zD......▒
▒.....oh▒▒.▒▒▒▒
...▒▒▒▒o▒▒.▒
▒..zz..o.▒.▒
▒..▒▒▒▒zo▒.▒▒▒▒
▒..Q.....)▒
......▒..▒.▒▒.▒
....▒▒▒.....▒ ▒..
........ ▒▒
▒▒▒....▒.▒
..▒.▒▒... ▒▒▒.▒ ▒▒
.▒


You could see an acid dragon, a howler monkey (catching breath), 2 wights, an
orc priest, an orc wizard and 2 orcs.

Vanquished Creatures
  Sigmund (D:2)
  A wyvern (D:7)
  2 steam dragons (D:8)
  An acid dragon (D:8)
  2 water moccasins (D:7)
  2 orc warriors
  An ice beast (D:5)
  2 centaurs
  3 ogres
  A bullfrog (D:8)
  2 scorpions
  9 wights (D:8)
  3 killer bees (D:8)
  3 howler monkeys
  5 hounds
  3 jellies
  2 orc priests
  A gnoll bouda (D:5)
  An iguana (D:4)
  2 sleepcaps
  5 orc wizards
  5 gnolls
  2 adders
  2 shadow imps
  An ufetubus (D:5)
  A worm (D:2)
  3 dart slugs
  29 orcs
  6 ball pythons
  A bat (D:1)
  9 endoplasms
  4 giant cockroaches
  6 goblins
  5 hobgoblins
  4 jackals (D:4)
  3 quokkas
  3 frilled lizards
  7 kobolds
  2 rats
145 creatures vanquished.

Vanquished Creatures (collateral kills)
  2 foxfires (D:5)
2 creatures vanquished.

Vanquished Creatures (others)
  307 foxfires
307 creatures vanquished.

Grand Total: 454 creatures vanquished

Notes
Turn   | Place    | Note
-------+----------+-------------------------------------------
     0 | D:1      | shmup the Tengu Fire Elementalist began the quest for the
                  | Orb.
     0 | D:1      | Reached XP level 1. HP: 10/10 MP: 4/4
   162 | D:1      | Reached XP level 2. HP: 15/15 MP: 3/6
   429 | D:1      | Reached skill level 4 in Fire Magic
   786 | D:1      | Learned a level 2 spell: Scorch
   843 | D:2      | Reached XP level 3. HP: 19/19 MP: 5/7
   936 | D:2      | Noticed Sigmund
   944 | D:2      | Killed Sigmund
   945 | D:2      | Reached skill level 5 in Fire Magic
   945 | D:2      | Reached XP level 4. HP: 7/24 MP: 0/8
   945 | D:2      | Gained mutation: Your magical nature lets you fly swiftly
                  | and evasively. [Tengu growth]
   945 | D:2      | Reached XP level 5. HP: 9/28 MP: 0/9
  1088 | D:2      | Reached skill level 6 in Fire Magic
  2065 | D:3      | Reached XP level 6. HP: 32/32 MP: 5/10
  2188 | D:3      | Found a faded altar of an unknown god.
  2607 | D:4      | Learned a level 2 spell: Searing Ray
  2617 | D:4      | Found a hide-covered altar of Uskayaw.
  2740 | D:4      | Reached skill level 5 in Conjurations
  2879 | D:4      | Noticed an orc warrior
  2902 | D:4      | Killed an orc warrior
  2903 | D:4      | Reached skill level 7 in Fire Magic
  2903 | D:4      | Reached XP level 7. HP: 18/36 MP: 0/11
  4034 | D:5      | Entered Level 5 of the Dungeon
  4102 | D:5      | Reached skill level 8 in Fire Magic
  4306 | D:5      | Found a staircase to the Ecumenical Temple.
  4312 | Temple   | Entered the Ecumenical Temple
  4451 | Temple   | Became a worshipper of Vehumet
  4498 | D:5      | Found a shimmering blue altar of Sif Muna.
  4561 | D:5      | Reached XP level 8. HP: 40/41 MP: 12/12
  4795 | D:5      | Reached skill level 9 in Fire Magic
  5154 | D:5      | Reached * piety under Vehumet
  5154 | D:5      | Offered knowledge of Freeze by Vehumet.
  5768 | D:6      | Reached skill level 10 in Fire Magic
  6479 | D:7      | Reached XP level 9. HP: 21/45 MP: 11/13
  6825 | D:7      | Reached skill level 11 in Fire Magic
  7759 | D:8      | Learned a level 3 spell: Inner Flame
  8236 | D:8      | Reached skill level 1 in Hexes
  8239 | D:8      | Reached ** piety under Vehumet
  8240 | D:8      | Reached skill level 12 in Fire Magic
  8479 | D:8      | Offered knowledge of Momentum Strike by Vehumet.
  8489 | D:8      | Reached skill level 10 in Conjurations
  9050 | D:9      | HP: 2/44 [wight/+0 spear (10)]
  9050 | D:9      | Slain by a wight

Illustrated notes

Levels and vault maps discovered:
D:1:      grunt_arrival_crossed_arrows, layout_basic
D:2:      layout_loops_ring, uniq_sigmund
D:3:      layout_loops_cross, dreamdust_ecumenical_altar_statues,
          minmay_misc_feat_roman
D:4:      layout_basic, kennysheep_little_box
D:5:      layout_basic, nicolae_overflow_hidden_temple,
          minmay_temple_entry_hall, serial_park_tiny_2, grunt_decor_junction,
          guppyfry_early_orc_mine
D:6:      layout_cave_pods, kennysheep_small_circle
D:7:      layout_basic
D:8:      layout_loops_corners
D:9:      layout_loops_corners, lair_entry_dummy
Temple:   nicolae_temple_bog_church

Skill      XL: |  1  2  3  4  5  6  7  8  9 |
---------------+----------------------------+-----
Conjurations   | 2 4 5 6 8 10 | 10.1
Fire Magic     | 4 5 6 7 8 10 12 | 12.3
Hexes          | 1 |  1.8
Dodging        | |  2.1
Stealth        | |  2.0
Spellcasting   | |  2.0

Action                     |  1- 3 |  4- 6 |  7- 9 || total
---------------------------+-------+-------+-------++-------
  Melee: Hand axe          |       |       |    13 ||    13
         Peck              |       |       |     3 ||     3
         Dagger            |       |       |     1 ||     1
         Kick              |       |       |     3 ||     3
         Trident           |       |       |     1 ||     1
   Cast: Foxfire           |    29 |    45 |   104 ||   178
         Scorch            |     3 |    12 |   121 ||   136
         Inner Flame       |       |       |     7 ||     7
    Use: Scroll            |       |     1 |     4 ||     5
         Potion            |       |       |     1 ||     1
 Armour: Robe              |     1 |     4 |    14 ||    19
  Dodge: Dodged            |     5 |    12 |    89 ||   106
